 Dungeon Crawl Stone Soup version 0.21-a0-79-g04744e2 (webtiles) character file.

4561 KristoblXynda the Covert (level 10, -1/42 HPs)
             Began as a Felid Monk on June 22, 2017.
             Was a High Priest of Nemelex Xobeh.
             Hit by an exploding tomahawk thrown by an orc warrior (12 damage)
             ... on level 1 of the Orcish Mines.
             The game lasted 00:39:36 (14198 turns).

KristoblXynda the Covert (Felid Monk)              Turns: 14198, Time: 00:39:37

Health: -1/42      AC:  4    Str:  9    XL:     10   Next: 18%
Magic:  17/17      EV: 27    Int: 17    God:    Nemelex Xobeh [*****.]
Gold:   745        SH:  0    Dex: 19    Spells: 8/9 levels left
                                        Lives:  0   Deaths: 3

rFire    . . .     SeeInvis +     - Unarmed
rCold    + . .     Gourm    .   (shield unavailable)
rNeg     . . .     Faith    .   (armour unavailable)
rPois    .         Spirit   .   (helmet unavailable)
rElec    .         Reflect  .   (cloak unavailable)
rCorr    .         Harm     .   (gloves unavailable)
MR       +....                  (boots unavailable)
Stlth    +++++.....             n - amulet of regeneration
HPRegen  0.54/turn              j - +4 ring of intelligence
MPRegen  0.15/turn              D - ring of protection from cold

@: quick
A: no armour, no weapons or thrown items, stealth, claws 1, fangs 3, yellow
scales 1, see invisible, carnivore 3, speed 1, mutation resistance 1, shaggy fur
2, slow metabolism 1, sharp paws
a: Triple Draw, Deal Four, Stack Five, Renounce Religion


You were on level 1 of the Orcish Mines.
You worshipped Nemelex Xobeh.
Nemelex Xobeh was extremely pleased with you.
You were very full.

You visited 3 branches of the dungeon, and saw 13 of its levels.
You also visited: Sewer.

You collected 853 gold pieces.
You spent 108 gold pieces at shops.

Inventory:

Jewellery
 e - an uncursed amulet of guardian spirit
 j - a +4 ring of intelligence (left paw)
 n - an amulet of regeneration (around neck)
 y - an uncursed ring of wizardry
 D - a ring of protection from cold (right paw)
Wands
 i - a wand of iceblast (3/15)
Scrolls
 f - 3 scrolls of remove curse
 p - 6 scrolls of teleportation
 t - a scroll of amnesia
 A - 2 scrolls of fog
Potions
 c - a potion of brilliance
 d - 4 potions of agility
 h - 2 potions of flight
 q - a potion of magic
 u - a potion of degeneration {unknown}
 x - 2 potions of invisibility
Books
 l - a book of Misfortune

   Spells                             Type                      Level
   a - Confusing Touch                Hexes                        1
   b - Confuse                        Hexes                        3
   c - Gell's Gravitas                Translocation                3
   d - Petrify                        Transmutation/Earth          4
   e - Metabolic Englaciation         Hexes/Ice                    5
   f - Yara's Violent Unravelling     Hexes/Transmutation          5
 v - a book of Changes

   Spells                             Type                      Level
   a - Beastly Appendage              Transmutation                1
   b - Sticks to Snakes               Transmutation                2
   c - Spider Form                    Transmutation/Poison         3
   d - Ice Form                       Ice/Transmutation            4
   e - Blade Hands                    Transmutation                5
Miscellaneous
 s - a plain deck of escape {drawn: 8}
 w - an ornate deck of destruction {drawn: 4}
 B - a legendary deck of summoning {drawn: 2}
Comestibles
 a - 2 meat rations
 m - 8 royal jellies


   Skills:
 - Level 3.0 Fighting
 + Level 10.0 Dodging
 - Level 10.3 Stealth
 + Level 9.9 Unarmed Combat
 + Level 8.6 Invocations
 + Level 9.1 Evocations


You had 8 spell levels left.
You knew the following spells:

 Your Spells              Type           Power        Failure   Level  Hunger
a - Beastly Appendage     Tmut           #.....       24%         1    ##.....


Dungeon Overview and Level Annotations

Branches:
Dungeon (10/15)            Temple (1/1) D:5            Lair (0/6) D:10
    Orc (2/2) D:10
    Elf: Orc:2

Altars:
Ashenzari
Cheibriados
Dithmenos
Elyvilon
Fedhas
Gozag
Hepliaklqana
Kikubaaqudgha
Makhleb
Nemelex Xobeh
Okawaru
Qazlal
Ru
Sif Muna
Trog
Uskayaw
Vehumet
Wu Jian
Xom
Yredelemnul
Zin
The Shining One

Shops:
D:4 *   D:9 :   Orc:1 =

Portals:
Ice
Cave: Orc:1

Annotations:
D:6 2 transporters


Innate Abilities, Weirdness & Mutations

You cannot wear armour.
You are incapable of wielding weapons or throwing items.
Your paws allow you to move quietly. (Stealth)
You have sharp claws.
You have razor-sharp teeth.
You have supernaturally acute eyesight. (SInv)
You are carnivorous and can eat meat at any time.
You cover ground quickly.
You are covered in thick fur. (AC +2)
You have a slow metabolism.
Your sharp claws are effective at attacking unaware monsters.
You are partially covered in yellow scales. (AC +2)
You are somewhat resistant to further mutation.


Message History

The orc warrior throws an exploding tomahawk.
The exploding tomahawk misses you.
The exploding tomahawk explodes!
The explosion of tomahawk fragments engulfs you!
* * * LOW HITPOINT WARNING * * *
The explosion of tomahawk fragments engulfs the orc wizard.
The orc priest calls upon Beogh to heal the orc wizard.
The orc wizard's wounds heal themselves!
The orc wizard misses you.
The orc sorcerer shouts!
The orc priest shouts!
The orc shouts!
The orc priest shouts!
The orc shouts!
You hear a shout! x5
An orc comes into view. It is wielding a trident.
The orc shouts!
You hear a shout! x10
You see here 23 gold pieces.
Evoke which item? (* to show all) (? for menu, Esc to quit)
You draw a card...
It is the Elements.
The orc closely misses your shock serpent.
The orc warrior throws an exploding tomahawk.
The exploding tomahawk hits you!
You die...
Your body glows with a rainbow of weird colours and disappears.

****,,,,**,**,,,,o,,**
**,**,#o,*****,,**,,,,*
*,,,,,,..,* *,,,,,,.,**
**,**,##o#* **,,,,..,*
*,,,*##...## **,#o..**
**,**#.....#* *#o.#,,**
*** *#.o...###..#,*,,*
##...#..o.#.∩.*,*
##.#.D.@..oo#.*,,*
#....D.o..o..#,,**
##.#.So#..o....**
####(o##....#.**
##.##....#.....o#**
#....#.h.....#....**
#...........#.....,* ***
##.#.......##...#,**##,*
##.....o.#.....##* #o.o


You could see an orc sorcerer, 3 orc warriors, 4 orc priests, an orc wizard, 4
orcs, a friendly fire dragon, a friendly ice dragon and a friendly shock
serpent.

Vanquished Creatures
  Pikel (D:7)
  A torpor snail (D:8)
  3 trolls
  A hornet (D:7)
  2 hippogriffs
  A wraith (D:10)
  4 hogs (D:7)
  A human (D:7)
  2 basilisks (D:10)
  9 yaks (D:10)
  2 porcupines (D:10)
  7 orc warriors
  A swamp drake (D:10)
  2 sky beasts
  2 black bears
  2 ice beasts
  6 ogres
  A boggart (D:10)
  4 wolves
  2 centaurs
  2 big kobolds
  Blork the orc (D:6)
  A gnoll sergeant (D:10)
  2 bullfrogs
  3 scorpions
  6 wights
  A howler monkey (D:8)
  2 bullfrog zombies (D:5)
  2 crimson imps
  2 centaur zombies
  4 hounds
  A quasit (D:9)
  Crazy Yiuf (D:3)
  4 jellies
  A gnoll shaman (D:9)
  8 orc priests
  2 iguanas
  7 orc wizards
  9 worker ants
  A hound zombie (D:7)
  A hound skeleton (D:9)
  A worker ant zombie (D:9)
  A howler monkey skeleton (D:5)
  12 gnolls
  13 adders
  4 river rats (Sewer)
  3 shadow imps
  An adder skeleton (D:8)
  3 worms
  4 dart slugs
  6 leopard geckos
  33 orcs
  9 bats
  8 giant cockroaches
  16 goblins
  9 hobgoblins
  5 jackals
  17 kobolds
  2 quokkas
  3 ball pythons
  13 frilled lizards
  A leopard gecko skeleton (D:8)
  A leopard gecko zombie (D:6)
  A quokka skeleton (D:7)
  6 rats
287 creatures vanquished.

Vanquished Creatures (collateral kills)
  A two-headed ogre (D:9)
  A hippogriff (D:8)
  A yak (D:10)
  Menkaure (D:6)
  3 orc warriors
  An ogre (D:10)
  2 phantoms
  A big kobold (D:8)
  2 wights (D:9)
  An orc priest (D:3)
  An orc wizard (D:8)
  A killer bee zombie (D:9)
  A gnoll (D:8)
  A dart slug (D:8)
  8 orcs
26 creatures vanquished.

Vanquished Creatures (others)
  3 slaves (D:7)
  An ogre (D:10)
  A gnoll sergeant (D:10)
  2 howler monkeys (D:7)
  6 gnolls
  3 ball lightnings
  5 orcs
  A fungus (D:10)
  3 plants (D:10)
25 creatures vanquished.

Grand Total: 338 creatures vanquished

Notes
Turn   | Place    | Note
-------+----------+-------------------------------------------
     0 | D:1      | KristoblXynda the Felid Monk began the quest for the Orb.
     0 | D:1      | Reached XP level 1. HP: 10/10 MP: 2/2
   119 | D:1      | Reached XP level 2. HP: 14/14 MP: 3/3
   733 | D:2      | Reached XP level 3. HP: 17/17 MP: 4/4
  1599 | D:2      | Reached XP level 4. HP: 21/21 MP: 5/5
  1741 | D:3      | Found a runed door.
  1939 | D:3      | HP: 1/21 [orc priest/divine providence (11)]
  1983 | D:3      | Reached skill level 5 in Dodging
  2603 | D:3      | Reached skill level 5 in Stealth
  2657 | D:3      | Reached XP level 5. HP: 9/24 MP: 3/6
  2942 | D:3      | Found a basalt altar of Yredelemnul.
  2942 | D:3      | Found a sacrificial altar of Ru.
  2952 | D:3      | Found a white marble altar of Elyvilon.
  2954 | D:3      | Found a sparkling altar of Nemelex Xobeh.
  2955 | D:3      | Found an ornate altar of the Wu Jian Council.
  2968 | D:3      | Became a worshipper of Nemelex Xobeh the Trickster
  2968 | D:3      | Received a gift from Nemelex Xobeh
  2968 | D:3      | Reached * piety under Nemelex Xobeh
  2968 | D:3      | Reached ** piety under Nemelex Xobeh
  3676 | D:3      | Found a glowing silver altar of Zin.
  3801 | D:3      | Noticed Crazy Yiuf
  3807 | D:3      | Killed Crazy Yiuf
  4052 | D:4      | Noticed Edmund
  4159 | D:4      | Received a gift from Nemelex Xobeh
  4207 | D:4      | Gained mutation: You are covered in thick fur. (AC +2) [Felid growth]
  4207 | D:4      | Reached XP level 6. HP: 20/28 MP: 5/7
  4213 | D:4      | Found a snail-covered altar of Cheibriados.
  4239 | D:4      | Found Podal's Assorted Antiques.
  4247 | D:4      | Bought a tapered gold wand for 108 gold pieces
  4286 | D:4      | Noticed Edmund
  4286 | D:4      | Edmund changed into Edmund the scorpion
  4286 | D:4      | Noticed an ice beast
  4286 | D:4      | an ogre changed into an ice beast
  4296 | D:4      | Killed Edmund the scorpion
  4296 | D:4      | Reached skill level 1 in Invocations
  4301 | D:4      | Killed an ice beast
  4438 | D:4      | Reached skill level 5 in Unarmed Combat
  4595 | D:4      | Found a glowing drain.
  4612 | Sewer    | Entered a sewer
  4707 | Sewer    | Reached XP level 7. HP: 23/31 MP: 7/9
  5032 | Sewer    | Noticed Kite's ghost (amateur MiBe)
  5164 | Sewer    | Reached skill level 1 in Evocations
  5282 | D:5      | Entered Level 5 of the Dungeon
  5813 | D:5      | Found a hide-covered altar of Uskayaw.
  6043 | D:5      | Found a radiant altar of Vehumet.
  6045 | D:5      | Found a deep blue altar of Sif Muna.
  6284 | D:5      | Found a staircase to the Ecumenical Temple.
  6316 | Temple   | Entered the Ecumenical Temple
  6561 | Temple   | Received a gift from Nemelex Xobeh
  6611 | Temple   | Reached *** piety under Nemelex Xobeh
  6935 | D:6      | Received a gift from Nemelex Xobeh
  6988 | D:6      | Reached XP level 8. HP: 28/34 MP: 8/11
  6994 | D:6      | Noticed Menkaure
  6996 | D:6      | Killed Menkaure
  7208 | D:6      | Found a transporter.
  7223 | D:6      | Found a transporter.
  7499 | D:6      | Noticed Blork the orc
  7509 | D:6      | Killed Blork the orc
  8161 | D:6      | Found an ancient bone altar of Kikubaaqudgha.
  8220 | D:6      | Received a gift from Nemelex Xobeh
  8298 | D:7      | Noticed a hornet
  8303 | D:7      | Paralysed by a hornet for 3 turns
  8305 | D:7      | Succumbed to a hornet's poison
  8306 | D:7      | Reached XP level 7. HP: 0/31 MP: 1/11
  8646 | D:7      | Noticed Pikel
  8672 | D:7      | Killed Pikel
  8672 | D:7      | Reached skill level 5 in Evocations
  8672 | D:7      | Reached XP level 8. HP: 34/34 MP: 12/12
  8713 | D:7      | Reached skill level 5 in Invocations
  8726 | D:7      | Reached skill level 10 in Stealth
  8732 | D:7      | Reached XP level 9. HP: 37/37 MP: 14/14
  8833 | D:7      | Paralysed by a hornet for 1 turns
  9016 | D:7      | Reached **** piety under Nemelex Xobeh
  9937 | D:7      | Received a gift from Nemelex Xobeh
 10468 | D:8      | Noticed a two-headed ogre
 10468 | D:8      | Noticed a torpor snail
 10468 | D:8      | a two-headed ogre changed into a torpor snail
 10795 | D:8      | Killed a torpor snail
 10971 | D:8      | Received a gift from Nemelex Xobeh
 11080 | D:8      | Reached XP level 10. HP: 41/42 MP: 16/16
 11703 | D:9      | Received a gift from Nemelex Xobeh
 11944 | D:9      | Reached ***** piety under Nemelex Xobeh
 12281 | D:9      | Noticed a two-headed ogre
 12309 | D:9      | Killed a two-headed ogre
 12411 | D:9      | Learned a level 1 spell: Beastly Appendage
 12452 | D:9      | Found Uryzxoh's Book Shop.
 12585 | D:10     | Entered Level 10 of the Dungeon
 12617 | D:10     | Found a shadowy altar of Dithmenos.
 12745 | D:10     | Received a gift from Nemelex Xobeh
 12827 | D:10     | Slain by a yak
 12828 | D:10     | Reached XP level 9. HP: 0/37 MP: 16/16
 12840 | D:10     | Found a staircase to the Lair.
 12862 | D:10     | Noticed a troll
 12881 | D:10     | Reached XP level 10. HP: 41/42 MP: 17/17
 13136 | D:10     | Gained mutation: You are clumsy. (Dex -2) [potion of mutation]
 13136 | D:10     | Lost mutation: You are clumsy. (Dex -2) [potion of mutation]
 13137 | D:10     | Gained mutation: You are somewhat resistant to further mutation. [potion of mutation]
 13137 | D:10     | Gained mutation: You are partially covered in yellow scales. (AC +2) [potion of mutation]
 13178 | D:10     | Noticed a death knight
 13208 | D:10     | Slain by a death knight
 13209 | D:10     | Reached XP level 9. HP: 0/37 MP: 16/16
 13336 | D:10     | Found a staircase to the Orcish Mines.
 13336 | D:10     | Noticed a troll
 13355 | D:10     | Killed a troll
 13464 | D:10     | Reached XP level 10. HP: 42/42 MP: 17/17
 13492 | D:10     | Reached skill level 10 in Dodging
 13629 | D:10     | HP: 2/42 [wraith (6)]
 13946 | D:10     | Noticed a two-headed ogre
 14092 | Orc:1    | Entered Level 1 of the Orcish Mines
 14096 | Orc:2    | Entered Level 2 of the Orcish Mines
 14106 | Orc:1    | Noticed an orc sorcerer
 14111 | Orc:1    | Found Sol Qiun's Jewellery Boutique.
 14115 | Orc:1    | Noticed an orc knight
 14169 | Orc:1    | Noticed an orc knight
 14196 | Orc:1    | Found a frozen archway.
 14198 | Orc:1    | Hit by an exploding tomahawk thrown by an orc warrior

Vault maps used:
D:1:      mushboom_english_gardens, minmay_tall_x
D:3:      cheibrodos_greedy_goblins, chequers_temple_overflow_minitemple,
          lemuel_coloured_pillars_altar, serial_forest,
          infiniplex_forest_lined_3_way, infiniplex_forest_end_3,
          infiniplex_forest_lined_1, infiniplex_forest_end_3,
          infiniplex_forest_clump_long, infiniplex_forest_clump_small,
          minmay_tree_intersection, wad_floor_pattern_untrapped,
          uniq_crazy_yiuf_cottage
D:4:      cheibriados_altar_1, serial_shops, shop, cheibrodos_sewer_entry_bend,
          uniq_edmund
D:5:      old_standard_altar, nicolae_overflow_hidden_temple,
          minmay_temple_entry_poolview, first_bread
D:6:      gammafunk_steamed_eel, kiku_gazebo_garden_becter, minmay_liquid_box,
          uniq_menkaure, uniq_blork_the_orc
D:7:      grunt_livestock, minmay_holes, uniq_pikel
D:8:      minmay_goldmine, hex_tiny
D:9:      serial_shops, shop
D:10:     minmay_lair_entry_grove, kennysheep_orc_monster_closet_entryway,
          nicolae_dithmenos_through_a_glass_darkly
Temple:   minmay_temple_curvy_loop
Orc:1:    portal_ice_cave_entry_pillars_2, serial_shops, nicolae_shop_trees
Orc:2:    st_orc_elflike, lab_entry_generic, serial_shops, bzr_entry_customers,
          hangedman_minor_magic
Sewer:    sewer_co_cracked_pipes

Skill      XL: |  1  2  3  4  5  6  7  8  9 10 |
---------------+-------------------------------+-----
Stealth        | 3 4 5 6 7 10 | 10.3
Unarmed Combat | 4 5 7 8 9 |  9.9
Dodging        | 5 6 9 10 | 10.0
Invocations    | 1 3 5 6 8 |  8.6
Evocations     | 5 4 9 8 |  9.1
Fighting       | |  3.0

Action                   |  1- 3 |  4- 6 |  7- 9 | 10-12 || total
-------------------------+-------+-------+-------+-------++-------
Melee: Unarmed           |   126 |   153 |   409 |   248 ||   936
       Bite              |     5 |    12 |    40 |    26 ||    83
       Punch             |       |     3 |     9 |    10 ||    22
Evoke: Deck              |       |     7 |    31 |    20 ||    58
       Wand              |       |     3 |    15 |     5 ||    23
  Use: Scroll            |       |     8 |    10 |    10 ||    28
       Potion            |       |     3 |     7 |     7 ||    17
 Stab: Sleeping          |    15 |     6 |    20 |    12 ||    53
       Distracted        |       |     1 |     1 |     1 ||     3
  Eat: Chunk             |     9 |     6 |    21 |     8 ||    44
Armor: Skin              |     6 |    10 |    54 |    38 ||   108
Dodge: Dodged            |   108 |   114 |   283 |   204 ||   709
